 Dungeon Crawl Stone Soup version 0.22.1-2-g9c5b331 (webtiles) character file.

373 PaladinM the Poker (level 7, 0/54 HPs)
             Began as a Human Wanderer on Jan 1, 2019.
             Succumbed to Crazy Yiuf's poison
             ... on level 3 of the Dungeon.
             The game lasted 00:09:34 (2113 turns).

PaladinM the Poker (Human Wanderer)                 Turns: 2113, Time: 00:09:34

Health: 0/54       AC:  6    Str: 12    XL:     7   Next: 2%
Magic:  8/8        EV:  9    Int: 15    God:
Gold:   138        SH:  3    Dex: 12    Spells: 8/8 levels left

rFire    . . .     SeeInvis .   m - +2 spear (venom)
rCold    . . .     Gourm    .   d - +0 buckler
rNeg     . . .     Faith    .   c - +0 ring mail
rPois    .         Spirit   .   o - +0 helmet
rElec    .         Reflect  .   (no cloak)
rCorr    .         Harm     .   (no gloves)
MR       .....                  (no boots)
Stlth    +.........             (no amulet)
HPRegen  0.18/turn              (no ring)
MPRegen  0.11/turn              (no ring)

@: lethally poisoned (0 -> -3), drained
A: no striking features
a: no special abilities


You were on level 3 of the Dungeon.
You were hungry.

You visited 1 branch of the dungeon, and saw 3 of its levels.

You collected 138 gold pieces.

Inventory:

Hand Weapons
 a - a +2 hand crossbow
 m - a +2 spear of venom (weapon)
Missiles
 b - 22 bolts
Armour
 c - a +0 ring mail (worn)
 d - a +0 buckler (worn)
 o - a +0 helmet (worn)
Jewellery
 p - an uncursed amulet of harm
Scrolls
 h - a scroll of magic mapping {unknown}
 i - a scroll of teleportation {unknown}
 j - 2 scrolls of remove curse {unknown}
 k - a scroll of identify {unknown}
 l - a scroll of noise {unknown}
Potions
 e - a potion of degeneration {unknown}
 g - a potion of curing {unknown}
 n - a potion of brilliance {unknown}
 q - a potion of might {unknown}
Comestibles
 f - 4 rations


   Skills:
 - Level 4.2(4.0) Fighting
 + Level 5.6(5.5) Polearms
 - Level 1.3(1.1) Crossbows
 - Level 1.0(0.8) Throwing
 - Level 1.1(0.9) Armour
 - Level 1.0(0.8) Shields
 - Level 1.0(0.9) Spellcasting
   Level 1.0(0.8) Fire Magic
   Level 1.0(0.8) Air Magic


You had 8 spell levels left.
You didn't know any spells.
Your spell library was empty.

Dungeon Overview and Level Annotations

Branches:
Dungeon (3/15)

Altars:

Annotations:
D:3 Crazy Yiuf


Message History

Crazy Yiuf cries, "Line arga toodlewoodle!"
You feel sick.
You feel sick.
You feel sick.
You see here a war axe.
You feel sick. You block Crazy Yiuf's attack.
You feel sick.
You are too injured to fight recklessly!
Crazy Yiuf barely misses you.
You hit Crazy Yiuf.
Crazy Yiuf is severely wounded.
You feel sick. Crazy Yiuf barely misses you.
You hit Crazy Yiuf.
Crazy Yiuf is poisoned.
Crazy Yiuf is almost dead.
Crazy Yiuf hits you with a quarterstaff of chaos!
* * * LOW HITPOINT WARNING * * *
You are electrocuted!
* * * LOW HITPOINT WARNING * * *
Okay, then.
You die...

###.# ♣♣.♣♣ #.# ♣♣...♣
#.# ♣....♣ #.# #....#
##### #.#####....#
##...## #.##......##
##.....########.##)#...##
#.......#.......##g#####
...>............@..#
..†.(...############
.#.....## ###...## ##.##
#.# ####.# .....# ######


You could see Crazy Yiuf.

Vanquished Creatures
  Grinder (D:3)
  Robin (D:2)
  4 gnolls
  4 adders (D:2)
  4 worms (D:2)
  2 dart slugs (D:1)
  A leopard gecko (D:2)
  2 giant cockroaches
  16 goblins
  4 hobgoblins
  15 jackals
  3 kobolds
  4 bats
  7 frilled lizards
  9 rats
77 creatures vanquished.

Vanquished Creatures (others)
  6 plants (D:2)
6 creatures vanquished.

Grand Total: 83 creatures vanquished

Notes
Turn   | Place    | Note
-------+----------+-------------------------------------------
     0 | D:1      | PaladinM the Human Wanderer began the quest for the Orb.
     0 | D:1      | PaladinM set off with: a +2 hand crossbow, 26 bolts, a +0
                  | ring mail, a +0 buckler, a ration
     0 | D:1      | Reached XP level 1. HP: 18/18 MP: 2/2
    31 | D:1      | Reached XP level 2. HP: 14/24 MP: 3/3
   145 | D:1      | Reached XP level 3. HP: 19/30 MP: 4/4
   512 | D:2      | Reached skill level 1 in Polearms
   512 | D:2      | Reached XP level 4. HP: 28/37 MP: 5/5
   893 | D:2      | Noticed Robin
   908 | D:2      | Killed Robin
   908 | D:2      | Reached skill level 2 in Polearms
  1101 | D:2      | Reached XP level 5. HP: 25/42 MP: 6/6
  1379 | D:2      | Reached skill level 3 in Polearms
  1948 | D:3      | Noticed Grinder
  1970 | D:3      | Killed Grinder
  1970 | D:3      | Reached skill level 5 in Polearms
  1970 | D:3      | Reached XP level 6. HP: 35/48 MP: 7/7
  1970 | D:3      | Reached XP level 7. HP: 39/54 MP: 8/8
  2022 | D:3      | Found a runed door.
  2091 | D:3      | Noticed Crazy Yiuf
  2112 | D:3      | HP: 1/54 [Crazy Yiuf/quarterstaff of chaos (14)]
  2113 | D:3      | Succumbed to Crazy Yiuf's poison

Skill      XL: |  1  2  3  4  5 |
---------------+----------------+-----
Fighting       | 4 |  4.2
Polearms       | 1 2 5 |  5.6
Crossbows      | |  1.3
Throwing       | |  1.0
Armour         | |  1.1
Shields        | |  1.0
Spellcasting   | |  1.0
Fire Magic     | |  1.0
Air Magic      | |  1.0

Action                   |  1- 3 |  4- 6 |  7- 9 || total
-------------------------+-------+-------+-------++-------
Melee: Spear             |    22 |   142 |     6 ||   170
 Fire: Hand crossbow     |    50 |       |       ||    50
  Eat: Chunk             |       |     2 |     1 ||     3
Armor: Ring mail         |    29 |    53 |       ||    82
Dodge: Dodged            |    44 |    52 |     2 ||    98
Block: Buckler           |    14 |    13 |     2 ||    29
